 Dungeon Crawl Stone Soup version 0.28.0-53-g5a82cb258f (webtiles) character file.

Game seed: 9593226332651107444

0 LynnLen the Firebug (level 1, -1/10 HPs)
             Began as a Gargoyle Fire Elementalist on Aug 2, 2022.
             Slain by a jackal (2 damage)
             ... on level 1 of the Dungeon.
             The game lasted 00:00:26 (96 turns).

LynnLen the Firebug (Gargoyle Fire Elementalist)      Turns: 96, Time: 00:00:26

Health: -1/10      AC:  4    Str: 11    XL:     1   Next: 10%
Magic:  2/3        EV: 11    Int: 15    God:
Gold:   11         SH:  0    Dex: 10    Spells: 3/4 levels left

rFire   . . .      SeeInvis .   (no weapon)
rCold   . . .      Faith    .   (no shield)
rNeg    + . .      Spirit   .   a - +0 robe
rPois   ∞          Reflect  .   (no helmet)
rElec   +          Harm     .   (no cloak)
rCorr   .          Rampage  .   (no gloves)
Will    .....                   (no boots)
Stlth   ++........              (no amulet)
HPRegen 0.03/turn               (no ring)
MPRegen 0.08/turn               (no ring)

@: no status effects
A: sickness immunity, AC +2, negative energy resistance 1, electricity
resistance, torment resistance 1, petrification resistance
a: no special abilities


You were on level 1 of the Dungeon.
You visited 1 branch of the dungeon, and saw 1 of its levels.

You collected 11 gold pieces.

Inventory:

Armour
 a - a +0 robe (worn)


   Skills:
 - Level 1.5 Dodging
 - Level 2.1 Stealth
 + Level 2.0 Spellcasting
 * Level 1.1 Conjurations
 + Level 3.0 Fire Magic


You had 3 spell levels left.
You knew the following spells:

 Your Spells              Type           Power      Damage    Failure   Level
a - Foxfire               Conj/Fire      28%        2x1d5     10%         1

Your spell library contained the following spells:

 Spells                   Type           Power      Damage    Failure   Level
 Scorch                   Fire           20%        2d6       10%         2
 Conjure Flame            Conj/Fire      7%         6-21      28%         3
 Inner Flame              Hex/Fire       6%         N/A       34%         3
 Flame Wave               Conj/Fire      7%         2d5       67%         4


Dungeon Overview and Level Annotations

Branches:
Dungeon (1/15)

Altars:


Innate Abilities, Weirdness & Mutations

You are immune to sickness and miasma.
Your stone body is resilient. (AC +2)
You are immune to poison.
You resist negative energy. (rN+)
You are resistant to electric shocks. (rElec)
You are resistant to unholy torment.
You are immune to petrification.


Message History

A bat comes into view.
The jackal bites you but does no damage.
The jackal bites you but does no damage.
The jackal barely misses you. The jackal bites you.
Casting: Foxfire (safe; 10% risk of failure)
Press: ? - help, Q - select action Dir - look around, f - activate You conjure some foxfire!
The jackal misses you.
Your foxfire dissipates!
The foxfire hits the jackal.
The jackal is moderately wounded.
The jackal bites you. The hobgoblin hits you.
* * * LOW HITPOINT WARNING * * *
The jackal closely misses you. The hobgoblin closely misses you.
You aren't carrying any scrolls.
You aren't carrying any potions.
You aren't carrying any potions.
Unknown command.
You hit the jackal but do no damage.
The jackal is moderately wounded.
The jackal bites you but does no damage.
The hobgoblin misses you.
You hit the jackal.
The jackal is heavily wounded.
The jackal barely misses you. The rat barely misses you.
The hobgoblin barely misses you. The jackal barely misses you.
You barely miss the jackal.
The jackal is heavily wounded.
The rat bites you but does no damage. The jackal closely misses you.
The hobgoblin hits you but does no damage.
You closely miss the jackal.
The jackal is heavily wounded.
The jackal closely misses you. The rat barely misses you.
The hobgoblin barely misses you.
You hit the jackal but do no damage.
The jackal is heavily wounded.
The jackal bites you but does no damage.
The rat bites you but does no damage. The jackal bites you.
You die...

..........##
#.##.##.#.#
#####......####
#.##....#.#
..............##
#...#####.#
#..#..#..#..#..###...
##.
.#..#..#..#..........
## ..#..#..#..#..# ..
#..#..#..#..#.#
.#..#..#..#gr.#
..b......h@###
###########


You could see a jackal, a hobgoblin and a rat.

Vanquished Creatures
  A ball python (D:1)
1 creature vanquished.

Vanquished Creatures (others)
  3 foxfires (D:1)
3 creatures vanquished.

Grand Total: 4 creatures vanquished

Notes
Turn   | Place    | Note
-------+----------+-------------------------------------------
     0 | D:1      | LynnLen the Gargoyle Fire Elementalist began the quest for
                  | the Orb.
     0 | D:1      | Reached XP level 1. HP: 10/10 MP: 3/3
    96 | D:1      | Slain by a jackal

Illustrated notes

Levels and vault maps discovered:
D:1:      dpeg_arrival_signposts, layout_rooms, basic_ecumenical_altar,
          minmay_misc_feat_diagonals, minmay_statues_item

Action                   || total
-------------------------++-------
Melee: Unarmed           ||     7
 Cast: Foxfire           ||     3
Armor: Robe              ||    11
Dodge: Dodged            ||    19
